 Dungeon Sprint DCSS version 0.31-a0-486-g8d68a81214 (webtiles) character file.

Game seed: 13224579176639649275

5 rocky1 the Changeling (level 1, -1/13 HPs)
             Began as an Octopode Shapeshifter on Aug 8, 2023.
             Killed from afar by a white imp (8 damage)
             ... with a puff of frost
             ... in the Dungeon (Sprint IX: "|||||||||||||||||||||||||||||").
             The game lasted 00:00:07 (136 turns).

rocky1 the Changeling (Octopode Shapeshifter)        Turns: 136, Time: 00:00:07

Health: -1/13      AC:  1    Str: 14    XL:     1   Next: 80%
Magic:  1/1        EV: 13    Int: 10    God:
Gold:   0          SH:  0    Dex: 12    Spells: 0/0 levels left

rFire   . .          .
                       - Unarmed
rCold   . . .        (no shield)
rNeg    . . .        (helmet currently unavailable)
rPois   .            (no amulet)
rElec   .            (no ring)
rCorr   .            (no ring)
SInv    .            (no ring)
Will    .....        (no ring)
Stlth   ++           (no ring)
HPRegen 0.22/turn    (no ring)
MPRegen 0.07/turn    (no ring)
                     (no ring)

%: no teleportation
@: beast-form
A: beast (slay +2), almost no armour, amphibious, 8 rings, camouflage 1,
gelatinous body 1, (nimble swimmer 1), tentacles
a: Begin Untransformation


You were in the Dungeon.
You were a hulking beast.
You visited 1 branch

Inventory:

Talismans
 b - a beast talisman (active)
Scrolls
 h - a scroll of blinking
Potions
 a - a potion of lignification
 c - a potion of curing
 d - a potion of heal wounds
 e - a potion of haste
 f - 2 potions of magic
 g - a potion of berserk rage


   Skills:
 + Level 1.0 Fighting
 + Level 2.0 Dodging
 + Level 3.5 Unarmed Combat
 + Level 3.8 Shapeshifting


You couldn't memorise any spells.
You didn't know any spells.
Your spell library was empty.

Dungeon Overview and Level Annotations

Branches:
Dungeon (1/1)

Altars:


Innate Abilities, Weirdness & Mutations

You are a hulking beast.
Your limbs bulge with bestial killing power. (Slay +2)
You cannot wear most types of armour.
You are amphibious.
You can wear up to eight rings at the same time.
Your skin changes colour to match your surroundings (Stealth+).
Your rubbery body absorbs attacks. (AC +1, EV +1)
((You are camouflaged when in or above water. (Stealth+)))
You have tentacles for arms and can constrict up to eight enemies at once.


Message History

The kobold is heavily wounded.
The kobold hits you with a +0 dagger.
You closely miss the kobold. Your grab misses the kobold.
The kobold is heavily wounded.
The kobold hits you with a +0 dagger.
You tentacle-slap the kobold.
You kill the kobold!
You tentacle-slap the goblin. You grab the goblin.
The goblin is almost dead.
You constrict the goblin.
You kill the goblin!
You tentacle-slap the rat.
You kill the rat!
Items here: ( ))) ††.
You start resting.
HP restored.
You start waiting.
Done waiting.
You open the door.
A quokka, a jelly, a gnoll sergeant, a white imp and an adder come into view.
The gnoll sergeant shouts!
The white imp shouts, "Get thee gone, thou rough-hewn hell-hated bandersnitch!"
You tentacle-slap the adder. Your grab misses the adder.
The adder is moderately wounded.
The adder misses you. The adder bites you.
You barely miss the adder. Your grab misses the adder.
The adder is moderately wounded.
The adder closely misses you.
You barely miss the adder. You grab the adder. Your squeeze misses the adder.
The adder is moderately wounded.
You constrict the adder. The adder bites you.
You tentacle-slap the adder but do no damage.
The adder is heavily wounded.
You constrict the adder. The adder barely misses you.
You tentacle-slap the adder. You squeeze the adder.
You kill the adder!
The white imp gestures at you. The puff of frost hits you!
Ouch! That really hurt!
You die...

▓+▓
▓.▓
▓r▓
▓J▓
▓g▓
▓5▓
▓'▓
▓h▓
▓.▓
▓.▓
▓.▓
▓)▓
▓'▓
▓.▓
▓.▓
▓.▓


You could see a gnoll sergeant, a jelly, a white imp and a quokka.

Vanquished Creatures
  An adder (D)
  A ball python (D)
  A goblin (D)
  2 kobolds (D)
  A rat (D)
6 creatures vanquished.

Notes
Turn   | Place    | Note
-------+----------+-------------------------------------------
     0 | D        | rocky1 the Octopode Shapeshifter began the quest for the
                  | Orb.
     0 | D        | Reached XP level 1. HP: 13/13 MP: 1/1
   131 | D        | Noticed a jelly
   131 | D        | Noticed a gnoll sergeant
   136 | D        | Killed from afar by a white imp

Illustrated notes

Levels and vault maps discovered:
D:        linesprint [early_d, line_temple, items_1, d_10, items_2, lair_1,
          lair_end, items_3, orc_1, orc_end, items_4, d_15, swamp_1, shoals_1,
          snake_1, spider_1, d_20, vaults_1, items_5, swamp_end, shoals_end,
          snake_end, spider_end, vaults_end, d_27, items_6, zot_1, zot_end,
          crypt_end, forest_end, elf_end, slime_end, tomb_end, abyss_end,
          pan_hell_end]

Action                     || total
---------------------------++-------
  Melee: Unarmed           ||    13
         Constrict         ||     3
         Tentacles         ||     1
  Dodge: Dodged            ||     5

Table legend: (Time is in decaauts)
 A = Elapsed time spent in this place.
 B = Non-inter-level travel time spent in this place.
 C = Inter-level travel time spent in this place.
 D = Time resting spent in this place.
 E = Time spent auto-exploring this place.
 F = Levels seen in this place.
 G = Mean time per level.
                   A        B        C        D        E       F      G
               +--------+--------+--------+--------+--------+-----+--------+
         Total |    135 |    135 |      0 |    113 |      0 |   1 |  135.0 |
       Dungeon |    135 |    135 |      0 |    113 |      0 |   1 |  135.0 |
               +--------+--------+--------+--------+--------+-----+--------+

Top non-repeatable levels by time:
       D: 135 daAuts
